 Dungeon Crawl Stone Soup version 0.18.1-48-g4cf74bf (webtiles) character file.

82 DungeonyCrawlthano the Insei (level 4, -6/35 HPs)
             Began as a Demonspawn Monk on Aug 13, 2016.
             Engulfed by a cloud of flame (24 damage)
             ... on level 2 of the Dungeon.
             The game lasted 00:01:59 (1251 turns).

DungeonyCrawlthano the Insei (Demonspawn Monk)      Turns: 1251, Time: 00:02:00

Health: -6/35      AC:  2    Str: 11    XL:     4   Next: 21%
Magic:  4/4        EV: 13    Int: 12    God:
Gold:   110        SH:  0    Dex: 16    Spells: 0 memorised, 3 levels left

rFire  . . .     SeeInvis .       - Unarmed
rCold  . . .     Gourm    .     a - +0 robe
rNeg   . . .     Faith    .     (no shield)
rPois  .         Spirit   .     (no helmet)
rElec  .         Dismiss  .     (no cloak)
rCorr  .         Reflect  .     (no gloves)
SustAt .         Harm     .     (no boots)
MR     .....                    (no amulet)
Stlth  ++........               (no ring)
                                (no ring)

@: not resistant to hostile enchantments, unstealthy
A: powered by death 1, spiny 1
a: no special abilities


You were on level 2 of the Dungeon.
You were not hungry.

You visited 1 branch of the dungeon, and saw 2 of its levels.

You collected 110 gold pieces.

Inventory:

Armour
 a - a +0 robe (worn)
Jewellery
 e - an uncursed ring of resist corrosion
Potions
 c - a potion of cancellation
 d - a potion of agility
 f - 2 potions of ambrosia {unknown}
 g - a potion of lignification {unknown}
 i - a potion of haste {unknown}
 k - a potion of brilliance {unknown}
 l - a potion of curing {unknown}
Comestibles
 b - a bread ration
 h - a beef jerky
 j - 2 meat rations
 m - 5 chunks of flesh


   Skills:
 - Level 3.0 Fighting
 - Level 2.6 Dodging
 - Level 1.7 Stealth
 + Level 5.2 Unarmed Combat


You had 3 spell levels left.
You didn't know any spells.

Dungeon Overview and Level Annotations

Branches:
Dungeon (2/15)

Altars:


Innate Abilities, Weirdness & Mutations

You regenerate a little health from kills.
You are partially covered in sharp spines.


Message History

Found a dagger.
Read which item? (? for menu, Esc to quit)
Okay, then.
You now have 110 gold pieces (gained 5).
f - 2 brown potions (gained 1)
There is an escape hatch in the floor here.
You open the door.
A giant newt comes into view.
Read which item? (? for menu, Esc to quit)
As you read the scroll labeled DISMOL DYREMM, it crumbles to dust.
The creatures around you are filled with an inner flame!
It was a scroll of immolation.
A jackal comes into view.
There is an open door here.
The jackal barks!
You hit the giant newt.
The giant newt explodes!
The fiery explosion engulfs you!
You are engulfed in roaring flames.
Ouch! That really hurt!
You die...

*,* ###*************,*
#..,,,,,,,,,,,,,,*
#.#*************,* #.# *,*
#.# *,*
################.############
*,*
.........................>..#
*,*
...).........###@#######....#
*,*
###########.>#§§.......<....#
*,* #..#§§§........)..###.#
######..#..............†....
#.......#.........h#.#......
#.####..#....).....#.#......
#.# #.#####.......#.#.....[
######+####.#
#................
#.........#.#
#................


You could see a jackal.

Vanquished Creatures
  Terence (D:2)
  An adder (D:2)
  An ooze (D:2)
  A worm (D:2)
  A dart slug (D:2)
  A giant gecko (D:1)
  4 giant cockroaches
  3 goblins (D:1)
  7 hobgoblins
  4 kobolds
  5 bats
  2 giant newts (D:2)
  7 rats
38 creatures vanquished.

Notes
Turn   | Place    | Note
--------------------------------------------------------------
     0 | D:1      | DungeonyCrawlthano the Demonspawn Monk began the quest for the Orb.
     0 | D:1      | Reached XP level 1. HP: 18/18 MP: 1/1
   248 | D:1      | Reached skill level 4 in Unarmed Combat
   252 | D:1      | Gained mutation: You regenerate a little health from kills. [demonic ancestry]
   252 | D:1      | Reached XP level 2. HP: 24/24 MP: 2/2
   917 | D:2      | Gained mutation: You are partially covered in sharp spines. [demonic ancestry]
   917 | D:2      | Reached XP level 3. HP: 20/29 MP: 3/3
  1167 | D:2      | Noticed Terence
  1176 | D:2      | Killed Terence
  1176 | D:2      | Reached skill level 5 in Unarmed Combat
  1176 | D:2      | Reached XP level 4. HP: 35/35 MP: 4/4
  1251 | D:2      | Engulfed by a cloud of flame

Skill      XL: |  1  2  3 |
---------------+----------+-----
Unarmed Combat | 4 5 |  5.2
Fighting       | |  3.0
Dodging        | |  2.6
Stealth        | |  1.7

Action                   |  1- 3 |  4- 6 || total
-------------------------+-------+-------++-------
Melee: Unarmed           |    93 |     1 ||    94
       Punch             |     1 |       ||     1
  Use: Scroll            |     7 |     1 ||     8
 Stab: Sleeping          |     6 |       ||     6
       Distracted        |     1 |       ||     1
  Eat: Chunk             |       |     1 ||     1
Armor: Robe              |    22 |       ||    22
Dodge: Dodged            |    48 |       ||    48
